 Dungeon Crawl Stone Soup version 0.18-a0-1435-gee79d65 (webtiles) character file.

219 gorblad the Skirmisher (level 5, -13/61 HPs)
             Began as an Ogre Berserker on Feb 28, 2016.
             Was a Believer of Trog.
             Killed by divine providence
             ... invoked by an orc priest
              (14 damage)
             ... on level 4 of the Dungeon.
             The game lasted 00:07:13 (3144 turns).

gorblad the Skirmisher (Ogre Berserker)             Turns: 3144, Time: 00:07:14

Health: -13/61     AC:  3    Str: 23    XL:     5   Next: 96%
Magic:  5/5        EV: 15    Int:  6    God:    Trog [**....]
Gold:   202        SH:  0    Dex: 14    Spells: 0 memorised, 4 levels left

rFire  . . .     SeeInvis .     a - +0 mace
rCold  . . .     Gourm    .     b - +0 animal skin
rNeg   . . .     Faith    .     (no shield)
rPois  .         Spirit   .     (helmet restricted)
rElec  .         Dismiss  .     (no cloak)
rCorr  .         Reflect  .     (gloves unavailable)
SustAt .         Harm     .     (boots unavailable)
MR     .....                    p - amulet of magic regeneration
Stlth  ++........               (no ring)
                                (no ring)

@: agile, exhausted, slowed, very slow, not resistant to hostile enchantments,
unstealthy
A: unfitting armour, tough skin 1
a: Berserk, Trog's Hand, Burn Spellbooks, Renounce Religion


You were on level 4 of the Dungeon.
You worshipped Trog.
Trog was pleased with you.
You were not hungry.

You visited 1 branch of the dungeon, and saw 4 of its levels.

You collected 202 gold pieces.

Inventory:

Hand Weapons
 a - a +0 mace (weapon)
Armour
 b - a +0 animal skin (worn)
Jewellery
 p - an amulet of magic regeneration (around neck)
Scrolls
 j - a scroll of remove curse
Potions
 g - 2 potions of flight
 h - a potion of cure mutation
 k - a potion of agility
 l - a potion of lignification {unknown}
 q - a potion of haste {unknown}
 r - a potion of brilliance {unknown}
Comestibles
 c - 2 bread rations
 d - a royal jelly
 f - a slice of pizza
 i - 2 meat rations


   Skills:
 + Level 6.7 Fighting
 + Level 6.5 Maces & Flails
 - Level 2.6 Dodging


You had 4 spell levels left.
You didn't know any spells.

Dungeon Overview and Level Annotations

Branches:
Dungeon (4/15)
 Temple: D:4-7

Altars:
Cheibriados
Trog


Innate Abilities, Weirdness & Mutations

You are too large for most types of armour.
You have tough skin (AC +1).


Message History

The orc wizard casts a spell at you. The magic dart hits you!
The orc priest calls down the wrath of Beogh upon you.
Beogh smites you!
* * * LOW HITPOINT WARNING * * *
The orc wizard hits you but does no damage.
You miss the orc wizard.
The orc wizard is severely wounded.
The orc wizard hits you but does no damage. x2
The orc priest calls down the wrath of Beogh upon you.
Beogh smites you!
* * * LOW HITPOINT WARNING * * *
You hit the orc wizard.
The orc wizard is severely wounded.
The orc wizard hits you with a dagger.
* * * LOW HITPOINT WARNING * * *
The orc wizard barely misses you. The orc wizard closely misses you.
The orc priest calls down the wrath of Beogh upon you.
Beogh smites you!
You die...

#.......#
#.......#
##.......#
.........#
##...(..$#
......wo.#
#....ooO# #o#
#@#
#######.###.#
. #.#
.......(....#
. ...#
.......!#####
# #..#
#######(## #
#..# ##...# #
#..# ##.###.#
# #..# #.##
#.# ####..#
#.# ...


You could see an ogre, a worm, an orc priest, an orc wizard and 2 orcs.

Vanquished Creatures
  An orc wizard (D:4)
  Ijyb (D:2)
  Natasha (twice) (D:2)
  4 adders
  A worm (D:3)
  A dart slug (D:1)
  3 giant geckos
  11 orcs
  6 bats
  2 giant cockroaches
  9 goblins
  4 hobgoblins
  2 jackals (D:2)
  6 kobolds
  A quokka (D:3)
  2 giant newts
  8 rats
64 creatures vanquished.

Notes
Turn   | Place    | Note
--------------------------------------------------------------
     0 | D:1      | gorblad the Ogre Berserker began the quest for the Orb.
     0 | D:1      | Reached XP level 1. HP: 24/24 MP: 1/1
   273 | D:1      | Reached XP level 2. HP: 29/33 MP: 2/2
   618 | D:1      | Reached XP level 3. HP: 40/40 MP: 3/3
   647 | D:1      | Reached ** piety under Trog
   878 | D:2      | Found a snail-covered altar of Cheibriados.
   884 | D:2      | Found a bloodstained altar of Trog.
  1025 | D:2      | Reached skill level 5 in Fighting
  1039 | D:2      | Noticed Natasha
  1052 | D:2      | Killed Natasha
  1052 | D:2      | Reached skill level 5 in Maces & Flails
  1240 | D:2      | Noticed Ijyb
  1251 | D:2      | Killed Ijyb
  1251 | D:2      | Reached XP level 4. HP: 39/50 MP: 4/4
  1429 | D:2      | Noticed Natasha
  1436 | D:2      | Killed Natasha
  1901 | D:3      | Reached XP level 5. HP: 56/59 MP: 5/5
  3125 | D:4      | Noticed an ogre
  3144 | D:4      | HP: 1/61 [orc wizard/dagger (5)]
  3144 | D:4      | Killed from afar by an orc priest

Vault maps used:
D:1:      elethiomel_arrival_diamonds
D:2:      cheibriados_altar_1, lemuel_round_altar, first_bread, uniq_iyjb,
          uniq_natasha
D:3:      grunt_ministairs_11
D:4:      lemuel_temple_firewalk_marked, grunt_ministairs_8

Skill      XL: |  1  2  3  4  5 |
---------------+----------------+-----
Fighting       | 5 6 |  6.7
Maces & Flails | 5 6 |  6.5
Dodging        | |  2.6

Action                   |  1- 3 |  4- 6 || total
-------------------------+-------+-------++-------
Melee: Mace              |    84 |   141 ||   225
Invok: Berserk           |     1 |     2 ||     3
       Trog's Hand       |       |     3 ||     3
  Use: Scroll            |     4 |     5 ||     9
       Potion            |       |     6 ||     6
  Eat: Bread ration      |     1 |       ||     1
       Chunk             |       |     5 ||     5
       Pizza             |       |     1 ||     1
